 Dungeon Crawl Stone Soup version 0.26.1-11-gd32895ea62 (webtiles) character file.

Game seed: 752036167655248197

2586 DildoBatman the Blocker (level 9, -1/66 HPs)
             Began as a Formicid Conjurer on May 16, 2021.
             Was an Initiate of Kikubaaqudgha.
             Shot with an arrow by a centaur (8 damage)
             ... on level 8 of the Dungeon.
             The game lasted 00:23:19 (6714 turns).

DildoBatman the Blocker (Formicid Conjurer)         Turns: 6714, Time: 00:23:19

Health: -1/66      AC:  6    Str: 12    XL:     9   Next: 88%
Magic:  16/19      EV: 11    Int: 21    God:    Kikubaaqudgha [......]
Gold:   331        SH: 10    Dex:  9    Spells: 19/22 levels left

rFire    . . .     SeeInvis +   a - +2 dagger (elec)
rCold    . . .     Faith    .   q - +0 kite shield (curse)
rNeg     + . .     Spirit   .   t - +0 leather armour {rN+}
rPois    .         Reflect  .   (helmet unavailable)
rElec    .         Harm     .   o - +0 cloak
rCorr    .         Rampage  .   n - +0 pair of gloves
Will     .....                  (no boots)
Stlth    ++........             m - amulet of magic regeneration
HPRegen  0.21/turn              (no ring)
MPRegen  0.41/turn              (no ring)

@: no status effects
A: permanent stasis, dig shafts and tunnels, four strong arms, antennae 3
a: Dig, Shaft Self, Renounce Religion


You were on level 8 of the Dungeon.
You worshipped Kikubaaqudgha.
Kikubaaqudgha was noncommittal.
You visited 2 branches of the dungeon, and saw 9 of its levels.

You collected 331 gold pieces.

Inventory:

Hand Weapons
 a - a +2 dagger of electrocution (weapon)
Missiles
 c - 181 stones
 j - 30 bolts
 k - 85 arrows
 r - 5 atropa-tipped darts
 s - 6 poisoned darts
 x - 20 sling bullets
Armour
 g - a scarf of resistance
 n - a +0 pair of gloves (worn)
 o - a +0 cloak (worn)
 q - a cursed +0 kite shield (worn)
 t - a +0 leather armour of positive energy (worn)
Jewellery
 m - an amulet of magic regeneration (around neck)
Wands
 e - a wand of flame (38)
Scrolls
 b - 2 scrolls of fear
 d - 3 scrolls of amnesia
 f - a scroll of random uselessness {unknown}
 h - a scroll of noise {unknown}
 l - a scroll of immolation {unknown}
 p - 3 scrolls of fog
 z - 5 scrolls of identify
Potions
 i - a potion of mutation {unknown}
 u - 2 potions of curing
 w - 3 potions of heal wounds


   Skills:
 - Level 4.7 Fighting
 - Level 4.7 Armour
 - Level 1.7 Dodging
 - Level 2.4 Stealth
 * Level 8.3 Shields
 - Level 7.0 Spellcasting
 - Level 6.0 Conjurations


You had 19 spell levels left.
You knew the following spells:

 Your Spells              Type           Power        Failure   Level
a - Searing Ray           Conj           64%          1%          2
c - Magic Dart            Conj           100%         1%          1

Your spell library contained the following spells:

 Spells                   Type           Power        Failure   Level
 Dazzling Flash           Conj/Hex       38%          11%         3
 Confusing Touch          Hex            7%           36%         3
 Gell's Gravitas          Tloc           3%           36%         3
 Fulminant Prism          Conj/Hex       9%           36%         4
 Iskenderun's Mystic Bla  Conj/Tloc      19%          36%         4
 Petrify                  Tmut/Erth      7%           77%         4
 Metabolic Englaciation   Hex/Ice        3%           98%         5
 Yara's Violent Unravell  Hex/Tmut       3%           98%         5


Dungeon Overview and Level Annotations

Branches:
Dungeon (8/15)             Temple (1/1) D:7            Lair (0/6) D:8

Altars:
Ashenzari
Cheibriados
Dithmenos
Elyvilon
Fedhas
Gozag
Hepliaklqana
Kikubaaqudgha
Makhleb
Nemelex Xobeh
Okawaru
Qazlal
Ru
Sif Muna
Trog
Uskayaw
Vehumet
Wu Jian
Xom
Yredelemnul
Zin
The Shining One

Annotations:
D:1 Robin
D:2 exclusions: angel and 1 more exclusion, Ijyb, Jessica, Sigmund
D:3 1 runed translucent door, exclusions: ice beast, phantom, sensed monster (detected) and 2 more exclusions, Crazy Yiuf, Natasha
D:4 1 runed translucent door, 1 exclusion, Almogavar's ghost, novice HuIE
D:6 exclusions: orc and sensed monster (detected)
D:7 Maggie; Prince Ribbit
D:8 Erica


Innate Abilities, Weirdness & Mutations

You cannot be hasted, slowed, berserked, paralysed or teleported.
You can dig through walls and to a lower floor.
Your four strong arms can wield two-handed weapons with a shield.
You have a pair of large antennae on your head. (SInv)


Message History

Press: ? - help, Shift-Dir - straight line, f - centaur
Aim: a centaur, quivering 16 arrows (12% to evade)
The searing ray hits the centaur.
The centaur is lightly wounded. (Press . to maintain the ray.)
The centaur wields a +0 shortbow.
The centaur shoots an arrow.
You block the arrow.
The searing ray hits the centaur.
The centaur is moderately wounded.
The centaur shoots an arrow.
The arrow hits you!
The centaur shoots an arrow.
The arrow barely misses you.
The searing ray hits the centaur.
The centaur is heavily wounded.
The centaur shoots an arrow.
The arrow hits you!
You die...
Kikubaaqudgha rasps: "You have failed me!
Welcome... death!"

### ###.. ....#
#..#######.###
#........c.... #.
###.###@#
#.###.....#.##
#.##....#....#
#.#.....###..# ##
#...............
...
#........)...##.#
....##........###.#
# .>...........##
>. ....##.##...##
### .


You could see a centaur.

Vanquished Creatures
  Psyche (D:8)
  2 basilisks (D:8)
  4 yaks (D:8)
  A wyvern (D:8)
  A water moccasin (D:6)
  2 sky beasts
  2 ogres (D:8)
  A black bear (D:6)
  A bullfrog (D:7)
  2 scorpions (D:8)
  2 jellies
  2 orc priests (D:7)
  A hound (D:8)
  A centaur skeleton (D:8)
  4 orc wizards
  3 worker ants
  7 adders
  4 gnolls (D:3)
  An ufetubus (D:8)
  An ooze (D:1)
  An adder skeleton (D:3)
  2 worms (D:2)
  2 dart slugs (D:3)
  5 leopard geckos
  14 orcs
  4 ball pythons
  9 giant cockroaches
  11 hobgoblins
  9 jackals
  6 quokkas
  11 bats
  8 frilled lizards
  15 goblins
  10 kobolds
  2 leopard gecko skeletons
  A leopard gecko zombie (D:6)
  A quokka skeleton (D:7)
  10 rats
164 creatures vanquished.

Vanquished Creatures (others)
  5 fungi (D:8)
  20 plants
25 creatures vanquished.

Grand Total: 189 creatures vanquished

Notes
Turn   | Place    | Note
-------+----------+-------------------------------------------
     0 | D:1      | DildoBatman the Formicid Conjurer began the quest for the
                  | Orb.
     0 | D:1      | Reached XP level 1. HP: 13/13 MP: 3/3
   183 | D:1      | Reached XP level 2. HP: 18/19 MP: 1/5
   186 | D:1      | Learned a level 2 spell: Searing Ray
   384 | D:1      | Reached XP level 3. HP: 24/24 MP: 2/6
   959 | D:2      | Reached XP level 4. HP: 30/30 MP: 3/7
  1025 | D:2      | Noticed Sigmund
  1049 | D:2      | Noticed an angel
  1050 | D:2      | Found a glowing silver altar of Zin.
  1057 | D:2      | Found a shimmering altar of Xom.
  1073 | D:2      | Reached skill level 5 in Conjurations
  1512 | D:2      | Reached XP level 5. HP: 26/36 MP: 1/8
  1681 | D:2      | Noticed Robin
  1888 | D:3      | Noticed Ijyb
  1920 | D:3      | Reached skill level 1 in Fighting
  1950 | D:3      | Reached skill level 1 in Armour
  1983 | D:3      | Noticed Natasha
  2042 | D:3      | Found a sparkling altar of Nemelex Xobeh.
  2043 | D:3      | Found a glowing golden altar of the Shining One.
  2093 | D:3      | Found a runed translucent door.
  2094 | D:3      | Noticed Crazy Yiuf
  2167 | D:3      | Noticed an ice beast
  2310 | D:3      | Noticed Jessica
  2329 | D:3      | Reached XP level 6. HP: 39/43 MP: 8/10
  3113 | D:4      | Noticed Almogavar's ghost (novice HuIE)
  3163 | D:4      | Noticed a phantom
  3186 | D:4      | Found a runed translucent door.
  4086 | D:5      | Entered Level 5 of the Dungeon
  4156 | D:6      | Found a radiant altar of Vehumet.
  4157 | D:6      | Found an opulent altar of Gozag.
  4160 | D:6      | Found a sacrificial altar of Ru.
  4160 | D:6      | Found a bloodstained altar of Trog.
  4187 | D:6      | Found a burning altar of Makhleb.
  4220 | D:6      | Noticed a black bear
  4224 | D:6      | Killed a black bear
  4381 | D:6      | Reached XP level 7. HP: 50/50 MP: 8/12
  4485 | D:6      | Noticed a water moccasin
  5413 | D:7      | Noticed Maggie
  5467 | D:6      | Killed a water moccasin
  5468 | D:6      | Reached skill level 5 in Spellcasting
  5606 | D:7      | Reached XP level 8. HP: 56/56 MP: 12/17
  5752 | D:7      | Found a staircase to the Ecumenical Temple.
  5761 | D:7      | Noticed Prince Ribbit
  5838 | Temple   | Entered the Ecumenical Temple
  5887 | Temple   | Became a worshipper of Kikubaaqudgha
  5913 | D:7      | You fall into a shaft and drop 1 floor!
  6043 | D:8      | Noticed Psyche
  6051 | D:8      | Killed Psyche
  6117 | D:8      | Reached XP level 9. HP: 48/66 MP: 11/19
  6160 | D:8      | Noticed Erica
  6307 | D:8      | Reached skill level 2 in Shields
  6315 | D:8      | Reached skill level 5 in Shields
  6391 | D:8      | Reached skill level 6 in Shields
  6471 | D:8      | Found a staircase to the Lair.
  6487 | D:8      | Reached skill level 7 in Shields
  6571 | D:8      | HP: 3/66 [poisoned by a scorpion]
  6579 | D:8      | HP: 3/66 [poisoned by a scorpion]
  6678 | D:8      | Reached skill level 8 in Shields
  6714 | D:8      | Shot with an arrow by a centaur

Illustrated notes

Levels and vault maps discovered:
D:1:      nzn_arrival_depleted_hourglass, layout_loops_ring,
          minmay_misc_feat_tower, serial_bayou_pond_e
D:2:      kennysheep_big_flooded_room, layout_loops_ring,
          grunt_temple_overflow_order_and_chaos_1, uniq_robin, uniq_sigmund
D:3:      layout_loops_cross, gammafunk_temple_overflow_statue,
          kennysheep_cluttered_room, kennysheep_generic_room_6, uniq_natasha,
          uniq_jessica, uniq_crazy_yiuf_cottage, uniq_ijyb
D:4:      layout_basic, hellmonk_ghost_happy_afterlife,
          chequers_serial_rivers_large_b
D:5:      layout_loops_ring, minmay_misc_feat_four_crosses,
          nrook_mini_backslash, minmay_misc_feat_secret_circle
D:6:      layout_basic, lightli_temple_of_fire, grunt_temple_overflow_open
D:7:      layout_basic, minmay_temple_entry_stoned_glass, uniq_maggie,
          uniq_prince_ribbit1
D:8:      layout_loops_ring, minmay_lair_entry_grove, uniq_psyche, uniq_erica
Temple:   cyrus_circular_temple

Skill      XL: |  1  2  3  4  5  6  7  8  9 |
---------------+----------------------------+-----
Conjurations   | 4 5 6 |  6.0
Fighting       | 1 2 4 |  4.7
Armour         | 1 2 4 |  4.7
Spellcasting   | 3 6 7 |  7.0
Shields        | 8 |  8.3
Dodging        | |  1.7
Stealth        | |  2.4

Action                   |  1- 3 |  4- 6 |  7- 9 || total
-------------------------+-------+-------+-------++-------
Melee: Unarmed           |     9 |       |       ||     9
       Short sword       |    10 |    52 |       ||    62
       Dagger            |     7 |    23 |     1 ||    31
       Falchion          |       |    13 |       ||    13
 Cast: Magic Dart        |    33 |    53 |    46 ||   132
       Searing Ray       |     8 |    24 |    41 ||    73
 Abil: Dig               |     4 |    18 |    13 ||    35
       Shaft Self        |       |       |     1 ||     1
Evoke: Wand              |       |       |     4 ||     4
  Use: Potion            |       |     1 |       ||     1
       Scroll            |       |     8 |       ||     8
 Stab: Sleeping          |       |     2 |       ||     2
Armor: Robe              |    17 |    15 |       ||    32
       Leather armour    |       |     8 |    13 ||    21
Dodge: Dodged            |    40 |    87 |    35 ||   162
Block: Kite shield       |       |       |     1 ||     1
       Rpst.: Falchion   |       |     3 |       ||     3
